TOP OF THE 1ST |
Florida State Seminoles batting - Pitching for Penn State Nittany Lions : RHP John Parks
|
Pitching: RHP John Parks
|
|
Batting: LHB Jeff Stevens
|
0-0: Ball 1-0: Fly out, F7 (Flyball, 7)
|
Batting: RHB Roberto Casas
|
0-0: Ball 1-0: Foul Ball, location: 2F 1-1: Foul Ball, location: 2F 1-2: Fly out, F8 (Flyball, 78M)
|
Batting: RHB Aaron Duncan
|
0-0: Ball 1-0: Ball 2-0: Called Strike 2-1: Ball 3-1: Fly out, F9 (Flyball, 89D)
|
Top of the 1st over - 0 run(s), 0 hit(s), 0 error(s), 0 left on base; Florida State 0 - Penn State 0 |
BOTTOM OF THE 1ST |
Penn State Nittany Lions batting - Pitching for Florida State Seminoles : LHP Mike Edmonds
|
Pitching: LHP Mike Edmonds
|
|
Batting: RHB Kip Murphy
|
0-0: Ball 1-0: Called Strike 1-1: Ball 2-1: Foul Ball, location: 2F 2-2: Ball 3-2: Strikes out swinging
|
Batting: LHB Ángel Santos
|
0-0: Ball 1-0: Called Strike 1-1: Ground out 6-3 (Groundball, 6D)
|
Batting: LHB Gary Lynn
|
0-0: Ground out 6-3 (Groundball, 6)
|
Bottom of the 1st over - 0 run(s), 0 hit(s), 0 error(s), 0 left on base; Florida State 0 - Penn State 0 |
TOP OF THE 2ND |
Florida State Seminoles batting - Pitching for Penn State Nittany Lions : RHP John Parks
|
Batting: LHB Paul Cotton
|
0-0: DOUBLE (Groundball, 3L)
|
Batting: RHB John Newman
|
0-0: Foul Ball, location: 2F 0-1: Ball 1-1: Ball 2-1: Foul Ball, location: 2F 2-2: Foul Ball, location: 2F 2-2: Strikes out swinging
|
Batting: RHB Fred Burgess
|
0-0: Ball 1-0: Ball 2-0: Foul Ball, location: 2F 2-1: Foul Ball, location: 2F 2-2: Foul Ball, location: 2F 2-2: Fly out, F9 (Flyball, 9LMF)
|
Batting: RHB Eugene Fisher
|
0-0: Ball 1-0: Swinging Strike 1-1: Fly out, F9 (Line Drive, 89S)
|
Top of the 2nd over - 0 run(s), 1 hit(s), 0 error(s), 1 left on base; Florida State 0 - Penn State 0 |
BOTTOM OF THE 2ND |
Penn State Nittany Lions batting - Pitching for Florida State Seminoles : LHP Mike Edmonds
|
Batting: RHB Larry Crawford
|
0-0: Ball 1-0: Ball 2-0: Ball 3-0: Called Strike 3-1: Called Strike 3-2: Strikes out swinging
|
Batting: LHB Bryan Peña
|
0-0: Called Strike 0-1: Ball 1-1: Foul Ball, location: 2F 1-2: Fly out, F4 (Line Drive, 4)
|
Batting: RHB Mike Caldwell
|
0-0: Ball 1-0: Foul Ball, location: 2F 1-1: Foul Ball, location: 2F 1-2: Foul Ball, location: 2F 1-2: Ball 2-2: Ground out 4-3 (Groundball, 4)
|
Bottom of the 2nd over - 0 run(s), 0 hit(s), 0 error(s), 0 left on base; Florida State 0 - Penn State 0 |
TOP OF THE 3RD |
Florida State Seminoles batting - Pitching for Penn State Nittany Lions : RHP John Parks
|
Now in RF: Júlio Bustamante
|
|
Batting: RHB José Sosa
|
0-0: Ball 1-0: Called Strike 1-1: SINGLE (Groundball, 56S) (infield hit)
|
Batting: RHB Lorenzo Cintrón
|
0-0: Ball 1-0: Foul Ball, location: 2F 1-1: Ball 2-1: Fly out, F8 (Flyball, 8LD)
|
Batting: LHB Jeff Stevens
|
0-0: Called Strike 0-1: Fly out, F4 (Line Drive, 34)
|
Batting: RHB Roberto Casas
|
0-0: Ball 1-0: Called Strike 1-1: Ball 2-1: Fielders Choice at 2nd, 6-4 (Groundball, 6)
|
Top of the 3rd over - 0 run(s), 1 hit(s), 0 error(s), 0 left on base; Florida State 0 - Penn State 0 |
BOTTOM OF THE 3RD |
Penn State Nittany Lions batting - Pitching for Florida State Seminoles : LHP Mike Edmonds
|
Batting: RHB Ron Hale
|
0-0: Ball 1-0: Swinging Strike 1-1: Foul Ball, location: 2F 1-2: Strikes out looking
|
Batting: LHB James Macías
|
0-0: Ground out 4-3 (Groundball, 4)
|
Batting: LHB Júlio Bustamante
|
0-0: Called Strike 0-1: Fly out, F8 (Flyball, 8RS)
|
Bottom of the 3rd over - 0 run(s), 0 hit(s), 0 error(s), 0 left on base; Florida State 0 - Penn State 0 |
TOP OF THE 4TH |
Florida State Seminoles batting - Pitching for Penn State Nittany Lions : RHP John Parks
|
Batting: RHB Aaron Duncan
|
0-0: Ball 1-0: Called Strike 1-1: Ball 2-1: Fly out, F8 (Flyball, 8RS)
|
Batting: LHB Paul Cotton
|
0-0: Ball 1-0: Foul Ball, location: 2F 1-1: Ball 2-1: SINGLE (Groundball, 4D)
|
Batting: RHB John Newman
|
0-0: Reached on error, E9 (Flyball, 9S) Paul Cotton to second
|
Batting: RHB Fred Burgess
|
0-0: Ball 1-0: Ball 2-0: Ball 3-0: Base on Balls Paul Cotton to third John Newman to second
|
Batting: RHB Eugene Fisher
|
0-0: Called Strike 0-1: Foul Ball, location: 2F 0-2: Foul Ball, location: 2F 0-2: Hit by Pitch Paul Cotton scores John Newman to third Fred Burgess to second
|
Batting: RHB José Sosa
|
0-0: Called Strike 0-1: Ball 1-1: Swinging Strike 1-2: Ball 2-2: Foul Ball, location: 2F 2-2: Ball 3-2: Base on Balls John Newman scores Fred Burgess to third Eugene Fisher to second
|
Batting: RHB Lorenzo Cintrón
|
0-0: Ball 1-0: Ball 2-0: Ball 3-0: Called Strike 3-1: SINGLE (Groundball, 56S) (infield hit) Fred Burgess scores Eugene Fisher to third José Sosa to second
|
Batting: LHB Jeff Stevens
|
0-0: Foul Ball, location: 2F 0-1: Swinging Strike 0-2: Ball 1-2: SINGLE (Line Drive, 9S) Eugene Fisher scores José Sosa to third Lorenzo Cintrón to second
|
Batting: RHB Roberto Casas
|
0-0: Called Strike 0-1: Foul Ball, location: 2F 0-2: Strikes out swinging
|
Batting: RHB Aaron Duncan
|
0-0: Ball 1-0: Called Strike 1-1: Foul Ball, location: 2F 1-2: Strikes out looking
|
Top of the 4th over - 4 run(s), 3 hit(s), 1 error(s), 3 left on base; Florida State 4 - Penn State 0 |
BOTTOM OF THE 4TH |
Penn State Nittany Lions batting - Pitching for Florida State Seminoles : LHP Mike Edmonds
|
Batting: RHB Kip Murphy
|
0-0: Called Strike 0-1: Called Strike 0-2: Ball 1-2: Ball 2-2: Ground out U3 (Groundball, 3S)
|
Batting: LHB Ángel Santos
|
0-0: Ball 1-0: Called Strike 1-1: Foul Ball, location: 2F 1-2: Ball 2-2: Foul Ball, location: 2F 2-2: Ball 3-2: Fly out, F4 (Line Drive, 4)
|
Batting: LHB Gary Lynn
|
0-0: Called Strike 0-1: Swinging Strike 0-2: Ball 1-2: Ball 2-2: Foul Ball, location: 2F 2-2: SINGLE (Line Drive, 89S)
|
Batting: RHB Larry Crawford
|
0-0: Ball 1-0: Fly out, F6 (Popup, 6D)
|
Bottom of the 4th over - 0 run(s), 1 hit(s), 0 error(s), 1 left on base; Florida State 4 - Penn State 0 |
TOP OF THE 5TH |
Florida State Seminoles batting - Pitching for Penn State Nittany Lions : RHP John Parks
|
Batting: LHB Paul Cotton
|
0-0: Called Strike 0-1: TRIPLE (Flyball, 8RD)
|
Batting: RHB John Newman
|
0-0: Called Strike 0-1: Ball 1-1: Ball 2-1: Swinging Strike 2-2: SINGLE (Groundball, 6MD) Paul Cotton scores
|
Batting: RHB Fred Burgess
|
0-0: Ball John Newman steals 2nd base 1-0: Ball 2-0: Ball 3-0: Called Strike 3-1: Base on Balls
|
Batting: RHB Eugene Fisher
|
0-0: Foul Ball, location: 2F 0-1: Ball 1-1: Called Strike 1-2: Grounds into double play, 6-4-3 (Groundball, 6) John Newman to third
|
Batting: RHB José Sosa
|
0-0: Fly out, F7 (Line Drive, 7)
|
Top of the 5th over - 1 run(s), 2 hit(s), 0 error(s), 1 left on base; Florida State 5 - Penn State 0 |
BOTTOM OF THE 5TH |
Penn State Nittany Lions batting - Pitching for Florida State Seminoles : LHP Mike Edmonds
|
Batting: LHB Bryan Peña
|
0-0: Called Strike 0-1: Ball 1-1: Ball 2-1: Foul Ball, location: 2F 2-2: Strikes out swinging
|
Batting: RHB Mike Caldwell
|
0-0: Foul Ball, location: 2F 0-1: Ball 1-1: Foul Ball, location: 2F 1-2: SINGLE (Line Drive, 8RS)
|
Batting: RHB Ron Hale
|
0-0: Called Strike 0-1: Hit by Pitch Mike Caldwell to second
|
Batting: LHB James Macías
|
0-0: Foul Ball, location: 2F 0-1: Ball 1-1: Foul Ball, location: 2F 1-2: Strikes out swinging
|
Batting: LHB Júlio Bustamante
|
0-0: Ball 1-0: Fly out, F4 (Line Drive, 4M)
|
Bottom of the 5th over - 0 run(s), 1 hit(s), 0 error(s), 2 left on base; Florida State 5 - Penn State 0 |
TOP OF THE 6TH |
Florida State Seminoles batting - Pitching for Penn State Nittany Lions : RHP John Parks
|
Batting: RHB Lorenzo Cintrón
|
0-0: Ball 1-0: SINGLE (Flyball, 89S)
|
Batting: LHB Jeff Stevens
|
0-0: Foul Ball, location: 2F 0-1: Ball 1-1: Ball 2-1: SINGLE (Flyball, 89M) Lorenzo Cintrón to second Runner from 2nd tries for 3rd, SAFE, throw made to third
|
Batting: RHB Roberto Casas
|
0-0: Reached on error, E6 (Groundball, 6) Lorenzo Cintrón scores Jeff Stevens to second
|
Batting: RHB Aaron Duncan
|
0-0: 3-RUN HOME RUN (Flyball, 78XD), Distance : 379 ft
|
Batting: LHB Paul Cotton
|
0-0: Foul Ball, location: 2F 0-1: Ball 1-1: Ball 2-1: Ball 3-1: Called Strike 3-2: Strikes out looking
|
Batting: RHB John Newman
|
0-0: Ground out 5-3 (Groundball, 56)
|
Pitching: RHP Hugh Hale
|
|
Batting: RHB Fred Burgess
|
0-0: Ball 1-0: Called Strike 1-1: Ball 2-1: Ball 3-1: Called Strike 3-2: Foul Ball, location: 2F 3-2: Foul Ball, location: 2F 3-2: Strikes out swinging
|
Top of the 6th over - 4 run(s), 3 hit(s), 1 error(s), 0 left on base; Florida State 9 - Penn State 0 |
BOTTOM OF THE 6TH |
Penn State Nittany Lions batting - Pitching for Florida State Seminoles : LHP Mike Edmonds
|
Batting: RHB Kip Murphy
|
0-0: SINGLE (Line Drive, 6D)
|
Batting: LHB Ángel Santos
|
0-0: Called Strike Kip Murphy steals 2nd base 0-1: Ball 1-1: Called Strike 1-2: SINGLE (Line Drive, 78M) Kip Murphy to third
|
Batting: LHB Gary Lynn
|
0-0: Called Strike 0-1: Ball 1-1: Ground out 6-3 (Groundball, 6MS) Kip Murphy scores Ángel Santos to second
|
Batting: RHB Larry Crawford
|
0-0: Fly out, F5 (Popup, 5L)
|
Batting: LHB Bryan Peña
|
0-0: Ball 1-0: Ball 2-0: Swinging Strike 2-1: Ball 3-1: Base on Balls
|
Pitching: LHP Carlos Ramos
|
|
Batting: RHB Mike Caldwell
|
0-0: Ball 1-0: Ball 2-0: Swinging Strike 2-1: Called Strike 2-2: Fly out, F8 (Line Drive, 78XD)
|
Bottom of the 6th over - 1 run(s), 2 hit(s), 0 error(s), 2 left on base; Florida State 9 - Penn State 1 |
TOP OF THE 7TH |
Florida State Seminoles batting - Pitching for Penn State Nittany Lions : RHP Hugh Hale
|
Batting: RHB Eugene Fisher
|
0-0: Called Strike 0-1: Ball 1-1: Ball 2-1: Ball 3-1: SINGLE (Groundball, 25) (infield hit)
|
Pitching: LHP Ryan Roach
|
|
Batting: RHB José Sosa
|
0-0: Called Strike 0-1: DOUBLE (Line Drive, 89M) Eugene Fisher to third
|
Pitching: RHP Travis Weston
|
|
Batting: RHB Lorenzo Cintrón
|
0-0: Ball 1-0: Ball 2-0: Called Strike 2-1: Foul Ball, location: 2F 2-2: Ball 3-2: Reached on error, E9 (Flyball, 9) Eugene Fisher scores José Sosa to third
|
Pitching: LHP Rick Johnson
|
|
Batting: LHB Jeff Stevens
|
0-0: Ball 1-0: Foul Ball, location: 2F 1-1: Called Strike 1-2: Ball 2-2: SINGLE (Groundball, 2L) (infield hit) José Sosa scores Lorenzo Cintrón to second
|
Batting: RHB Roberto Casas
|
0-0: Ball 1-0: Ball 2-0: Called Strike 2-1: Ball 3-1: Base on Balls Lorenzo Cintrón to third Jeff Stevens to second
|
Batting: RHB Aaron Duncan
|
0-0: Swinging Strike 0-1: Ball 1-1: Ball 2-1: Foul Ball, location: 2F 2-2: DOUBLE (Flyball, 89D) Lorenzo Cintrón scores Jeff Stevens scores Roberto Casas to third
|
Batting: LHB Paul Cotton
|
0-0: Ball 1-0: Called Strike 1-1: Ball 2-1: Fly out, F8 (Flyball, 78M) Runner from 3rd tags up, SCORES, no throw
|
Batting: RHB John Newman
|
0-0: Ground out 5-3 (Groundball, 56)
|
Batting: RHB Fred Burgess
|
0-0: Ground out 4-3 (Groundball, 4)
|
Top of the 7th over - 5 run(s), 4 hit(s), 1 error(s), 1 left on base; Florida State 14 - Penn State 1 |
BOTTOM OF THE 7TH |
Penn State Nittany Lions batting - Pitching for Florida State Seminoles : LHP Carlos Ramos
|
Batting: RHB Ron Hale
|
0-0: Ball 1-0: Ball 2-0: Ball 3-0: Base on Balls
|
Batting: LHB James Macías
|
0-0: Swinging Strike 0-1: Ball 1-1: Called Strike 1-2: Foul Ball, location: 2F 1-2: Strikes out swinging
|
Batting: LHB Júlio Bustamante
|
0-0: Called Strike 0-1: Foul Ball, location: 2F 0-2: Grounds into double play, 4-6-3 (Groundball, 4)
|
Bottom of the 7th over - 0 run(s), 0 hit(s), 0 error(s), 0 left on base; Florida State 14 - Penn State 1 |
TOP OF THE 8TH |
Florida State Seminoles batting - Pitching for Penn State Nittany Lions : LHP Rick Johnson
|
Batting: RHB Eugene Fisher
|
0-0: Called Strike 0-1: Ball 1-1: Swinging Strike 1-2: Strikes out looking
|
Pinch Hitting: RHB Dennis Curran
|
0-0: Ball 1-0: Ball 2-0: Foul Ball, location: 2F 2-1: Ball 3-1: Base on Balls
|
Batting: RHB Lorenzo Cintrón
|
0-0: Ball 1-0: Reached on error, E6 (Groundball, 6) Dennis Curran to second
|
Batting: LHB Jeff Stevens
|
0-0: Called Strike 0-1: Ball 1-1: Called Strike 1-2: Foul Ball, location: 2F 1-2: Foul Ball, location: 2F 1-2: Strikes out swinging
|
Batting: RHB Roberto Casas
|
0-0: Ball 1-0: Fielders Choice at 2nd, 6-4 (Groundball, 6)
|
Top of the 8th over - 0 run(s), 0 hit(s), 1 error(s), 1 left on base; Florida State 14 - Penn State 1 |
BOTTOM OF THE 8TH |
Penn State Nittany Lions batting - Pitching for Florida State Seminoles : LHP Carlos Ramos
|
Now in LF: Allan Bates
|
|
Now in CF: Dennis Curran
|
|
Batting: RHB Kip Murphy
|
0-0: Ball 1-0: Foul Ball, location: 2F 1-1: Ball 2-1: Ball 3-1: Base on Balls
|
Batting: LHB Ángel Santos
|
0-0: Ball 1-0: Ball 2-0: Called Strike 2-1: Foul Ball, location: 2F 2-2: Foul Ball, location: 2F 2-2: Ball 3-2: Ground out 4-3 (Groundball, 4) Kip Murphy to second
|
Batting: LHB Gary Lynn
|
0-0: Ball 1-0: Ball 2-0: Foul Ball, location: 2F 2-1: Ground out U3 (Groundball, 3) Kip Murphy to third
|
Batting: RHB Larry Crawford
|
0-0: Foul Ball, location: 2F 0-1: Called Strike 0-2: Foul Ball, location: 2F 0-2: Foul Ball, location: 2F 0-2: SINGLE (Line Drive, 6) Kip Murphy scores
|
Batting: LHB Bryan Peña
|
0-0: Ball 1-0: Ball 2-0: Ground out 3-1 (Groundball, 34S)
|
Bottom of the 8th over - 1 run(s), 1 hit(s), 0 error(s), 1 left on base; Florida State 14 - Penn State 2 |
TOP OF THE 9TH |
Florida State Seminoles batting - Pitching for Penn State Nittany Lions : LHP Rick Johnson
|
Batting: RHB Aaron Duncan
|
0-0: Called Strike 0-1: Ball 1-1: Fly out, F8 (Flyball, 89D)
|
Batting: LHB Paul Cotton
|
0-0: Ball 1-0: Ball 2-0: Foul Ball, location: 2F 2-1: Ball 3-1: Base on Balls
|
Batting: RHB John Newman
|
0-0: Ball 1-0: Called Strike 1-1: Swinging Strike 1-2: Ball Paul Cotton is caught stealing 2nd base 2-2: Ball 3-2: Foul Ball, location: 2F 3-2: Strikes out swinging
|
Top of the 9th over - 0 run(s), 0 hit(s), 0 error(s), 0 left on base; Florida State 14 - Penn State 2 |
BOTTOM OF THE 9TH |
Penn State Nittany Lions batting - Pitching for Florida State Seminoles : LHP Carlos Ramos
|
Batting: RHB Mike Caldwell
|
0-0: Swinging Strike 0-1: SINGLE (Groundball, 34D)
|
Batting: RHB Ron Hale
|
0-0: Foul Ball, location: 2F 0-1: Ball 1-1: Swinging Strike 1-2: Foul Ball, location: 2F 1-2: Ball 2-2: Strikes out swinging
|
Batting: LHB James Macías
|
0-0: Ball 1-0: Called Strike 1-1: Ball 2-1: Foul Ball, location: 2F 2-2: Ball 3-2: Foul Ball, location: 2F 3-2: Fielders Choice at 2nd, 4-6 (Groundball, 34)
|
Batting: LHB Júlio Bustamante
|
0-0: Foul Ball, location: 2F 0-1: Ball 1-1: Swinging Strike 1-2: Foul Ball, location: 2F 1-2: SINGLE (Flyball, 8RS) James Macías to second Runner from 2nd tries for 3rd, OUT!
|
Bottom of the 9th over - 0 run(s), 2 hit(s), 0 error(s), 1 left on base; Florida State 14 - Penn State 2 |
|